[Event "Titled Tuesday Blitz March 28 Early 2023"]
[White "Urazayev, Arystanbek"]
[Black "Alex_Sahakyan2006"]
[WhiteFideId "13709810"]
[WhiteElo "2479"]
[BlackElo "2602"]
[Result "1-0"]
[Round "09"]
[TimeControl "180+2"]
[Date "2023.03.28"]
[WhiteClock "0:00:06"]
[BlackClock "0:00:04"]

1. d4 Nf6 2. c4 c5 3. d5 b5 4. cxb5 a6 5. bxa6 g6 6. Nc3 Bg7 7. e4 O-O 8. e5 Ne8 9. h4 Bxe5 10. h5 Bxa6 11. Nf3 Bg7 12. hxg6 fxg6 13. Bh6 Bxf1 14. Kxf1 Nf6 15. d6 e6 16. Bxg7 Kxg7 17. Qd2 Kg8 18. Qh6 Rf7 19. Ne5 Rg7 20. Re1 Ra6 21. Qg5 Qf8 22. Rd1 Nc6 23. Nxc6 Rxc6 24. Rh4 Rf7 25. Rf4 Kg7 26. Qe5 Kg8 27. a4 Rb6 28. Rd2 Rb4 29. Rxb4 cxb4 30. Ne4 Nd5 31. Kg1 Rf5 32. Qd4 Qc8 33. Qc5 Qa8 34. Rc2 Qxa4 35. Ng3 Rf8 36. Rc1 b3 37. Rd1 Qf4 38. Rd3 Rb8 39. Ne2 Qb4 40. Rxd5 Qe1+ 41. Kh2 Qxe2 42. Re5 Qg4 43. Qc7 Ra8 44. Re1 Qf4+ 45. Kg1 Qf7 46. Qc3 Rf8 47. Rf1 Rb8 48. Qc7 Rb5 49. Qd8+ Kg7 50. Rc1 Rd5 51. Qb8 Qf4 52. Rf1 Qxd6 53. Qxb3 Rd1 54. Qxd1 Qe5 55. Qd2 d5 56. Qc3 d4 57. Qd2 Qd5 58. f4 Qc5 59. Rd1 d3+ 60. Kf1 Qd4 61. Qxd3 Qxf4+ 62. Kg1 1-0


[Site "https://www.chess.com"]

[Event "Titled Tuesday Blitz March 28 Early 2023"]
[White "Timofeev, Artyom"]
[Black "Raahul V S"]
[WhiteFideId "4140419"]
[BlackFideId "25035525"]
[WhiteElo "2586"]
[BlackElo "2168"]
[Result "1-0"]
[Round "09"]
[TimeControl "180+2"]
[Date "2023.03.28"]
[WhiteClock "0:00:17"]
[BlackClock "0:00:02"]

1. e4 e6 2. Qe2 c5 3. Nf3 Nc6 4. g3 g6 5. Bg2 Bg7 6. h4 h6 7. c3 Nge7 8. O-O e5 9. Na3 O-O 10. Nc4 d6 11. d3 f5 12. b4 fxe4 13. dxe4 cxb4 14. Bb2 Bg4 15. Rad1 bxc3 16. Bxc3 Nd4 17. Bxd4 exd4 18. e5 dxe5 19. Qe4 Bf5 20. Qxb7 e4 21. Nfe5 Rb8 22. Qxa7 d3 23. Qc5 Rc8 24. Qa3 Ra8 25. Qb3 Rb8 26. Qa3 Ra8 27. Qc5 Rc8 28. Qe3 Nd5 29. Qe1 Re8 30. Bxe4 Bxe5 31. Bxf5 gxf5 32. Nxe5 Qd6 33. Rxd3 Qxe5 34. Qd2 Nc3 35. Qxh6 Ne4 36. Qg6+ Qg7 37. Qxf5 Rc5 38. Qf4 Nf6 39. Rd6 Nh5 40. Qf3 Rf8 41. Qb3+ Kh8 42. Qb6 1-0


[Site "https://www.chess.com"]

[Event "Titled Tuesday Blitz March 28 Early 2023"]
[White "Gabrielian, Artur"]
[Black "Priyanka Nutakki"]
[WhiteFideId "4131002"]
[BlackFideId "25049615"]
[WhiteElo "2432"]
[BlackElo "2256"]
[Result "1-0"]
[Round "09"]
[TimeControl "180+2"]
[Date "2023.03.28"]
[WhiteClock "0:02:04"]
[BlackClock "0:00:10"]

1. e4 e6 2. d3 d5 3. Qe2 Nf6 4. Nf3 Be7 5. g3 O-O 6. Bg2 c5 7. O-O Nc6 8. e5 Nd7 9. c4 Nb6 10. Nc3 f6 11. Bf4 g5 12. exf6 Bxf6 13. Bd2 g4 14. Nh4 h5 15. Ng6 Nd4 16. Qd1 Rf7 17. Nf4 dxc4 18. Nxh5 cxd3 19. Qxg4+ Kf8 20. Bh6+ Ke8 21. Qg8+ Ke7 22. Qxd8+ Kxd8 23. Nxf6 Rxf6 24. Bg5 Ke7 25. Ne4 Nd7 26. Rad1 c4 27. b3 Ne2+ 28. Kh1 1-0


[Site "https://www.chess.com"]

[Event "Titled Tuesday Blitz March 28 Early 2023"]
[White "Souleidis, Georgios"]
[Black "Kosakowski, Jakub"]
[WhiteFideId "4206827"]
[BlackFideId "1185080"]
[WhiteElo "2401"]
[BlackElo "2488"]
[Result "0-1"]
[Round "09"]
[TimeControl "180+2"]
[Date "2023.03.28"]
[WhiteClock "0:00:12"]
[BlackClock "0:01:04"]

1. e4 c6 2. Nc3 d5 3. Nf3 dxe4 4. Nxe4 Nf6 5. Qe2 Nxe4 6. Qxe4 Be6 7. c4 Nd7 8. d4 Nf6 9. Qh4 Bf5 10. Be2 e6 11. O-O Be7 12. Bg5 O-O 13. Rfd1 h6 14. Bc1 b6 15. Qf4 Bd6 16. Qe3 Qc7 17. h3 Rfd8 18. b3 Ne4 19. Re1 c5 20. Bd3 cxd4 21. Nxd4 Bc5 22. Bb2 Nd6 23. Qg3 Bxd3 24. Nxe6 fxe6 25. Qxd3 Nf5 26. Qe4 Re8 27. Be5 Qf7 28. g4 Nh4 0-1


[Site "https://www.chess.com"]

[Event "Titled Tuesday Blitz March 28 Early 2023"]
[White "Boyer, Mahel"]
[Black "Hnydiuk, Aleksander"]
[WhiteFideId "45102422"]
[BlackFideId "1109057"]
[WhiteElo "2439"]
[BlackElo "2374"]
[Result "0-1"]
[Round "09"]
[TimeControl "180+2"]
[Date "2023.03.28"]
[WhiteClock "0:00:02"]
[BlackClock "0:00:42"]

1. e4 c5 2. Nf3 e6 3. d4 cxd4 4. Nxd4 Nc6 5. Nc3 a6 6. Nxc6 bxc6 7. g3 d5 8. Bg2 Nf6 9. O-O Be7 10. Na4 O-O 11. exd5 cxd5 12. c4 Rb8 13. Bf4 Rb4 14. cxd5 Nxd5 15. Bd2 Rd4 16. Qe2 Rxa4 17. Rfd1 Rd4 18. Rac1 Bb7 19. Bf1 Qd7 20. h4 Rc8 21. Rxc8+ Qxc8 22. Rc1 Qd7 23. Bg2 h6 24. Ba5 Qb5 25. Qe1 Nb4 26. Qc3 Nxa2 27. Qxd4 Nxc1 28. Qd2 Nb3 29. Qf4 Bxg2 30. Bc3 Bc6 0-1


[Site "https://www.chess.com"]

[Event "Titled Tuesday Blitz March 28 Early 2023"]
[White "Drori, Saar"]
[Black "Dzhumagaliev, Yan"]
[WhiteFideId "2812444"]
[BlackFideId "24100110"]
[WhiteElo "2322"]
[BlackElo "2476"]
[Result "0-1"]
[Round "09"]
[TimeControl "180+2"]
[Date "2023.03.28"]
[WhiteClock "0:00:01"]
[BlackClock "0:00:15"]

1. e4 h5 2. d4 h4 3. h3 c6 4. Nc3 d5 5. e5 Bf5 6. Nf3 e6 7. Bd3 Ne7 8. Bg5 Qb6 9. Qd2 Bxd3 10. Bxe7 Bxe7 11. cxd3 Nd7 12. O-O a5 13. Rab1 Nf8 14. a3 Ng6 15. Ne2 a4 16. Rfc1 Rh5 17. Nf4 Rf5 18. Ne2 Kf8 19. Qc2 Qd8 20. b4 Kg8 21. Qc3 Rc8 22. b5 c5 23. b6 c4 24. dxc4 dxc4 25. Rb5 Qd7 26. Rcb1 Bf8 27. Nd2 Ne7 28. Nxc4 Nd5 29. Qd3 Qc6 30. Ne3 Nxe3 31. Qxe3 Rd8 32. R5b2 Qd5 33. Rd2 Qa5 34. Nf4 Bxa3 0-1


[Site "https://www.chess.com"]

[Event "Titled Tuesday Blitz March 28 Early 2023"]
[White "Nurmanova, Alua"]
[Black "Galchenko, Matvey"]
[WhiteFideId "13729390"]
[BlackFideId "24175480"]
[WhiteElo "2253"]
[BlackElo "2404"]
[Result "0-1"]
[Round "09"]
[TimeControl "180+2"]
[Date "2023.03.28"]
[WhiteClock "0:00:04"]
[BlackClock "0:00:13"]

1. e4 e6 2. d4 d5 3. Nc3 Bb4 4. e5 Ne7 5. a3 Bxc3+ 6. bxc3 c5 7. Qg4 cxd4 8. cxd4 Qc7 9. Bd2 Qxc2 10. Rc1 Qe4+ 11. Qxe4 dxe4 12. f3 Nbc6 13. fxe4 Nxd4 14. Bb4 Ndc6 15. Bd6 Bd7 16. Nf3 Ng6 17. h4 h5 18. Kf2 Rc8 19. g3 f6 20. exf6 gxf6 21. Bb5 Kf7 22. Rhd1 Rhd8 23. Bc5 Nce5 24. Nxe5+ Nxe5 25. Be2 Ba4 26. Rxd8 Rxd8 27. Bxh5+ Kg7 28. Be2 b6 29. Be3 Rd7 30. h5 Bc6 31. h6+ Kg6 32. Rh1 Bxe4 33. Rh4 Bd3 34. Bh5+ Kh7 35. Rf4 Kxh6 36. Rh4+ Kg7 37. Bf3 Bg6 38. Ra4 Nd3+ 39. Ke2 Ne5 40. Bg2 Bd3+ 41. Kf2 Bf5 42. Bf3 Kf7 43. Be2 Bd3 44. Bh5+ Bg6 45. Be2 Rc7 46. Bf4 a5 47. Bxe5 fxe5 48. Rh4 Rc2 49. Ke3 Rc3+ 50. Kd2 Rxa3 51. Rh8 Rxg3 52. Rb8 Rb3 53. Rb7+ Kf6 54. Bc4 Rb4 55. Kc3 Be4 56. Rb8 Bd5 57. Bd3 e4 58. Bc2 Ke5 59. Rh8 Rc4+ 60. Kd2 Rc7 61. Rh5+ Kd4 62. Rh4 Rg7 63. Rh2 Rg2+ 64. Rxg2 e3+ 65. Ke2 Bxg2 66. Bb3 Bd5 67. Bc2 Bc4+ 0-1


[Site "https://www.chess.com"]

[Event "Titled Tuesday Blitz March 28 Early 2023"]
[White "Girya, Olga"]
[Black "Smirnov, Pavel"]
[WhiteFideId "4195752"]
[BlackFideId "4123425"]
[WhiteElo "2263"]
[BlackElo "2519"]
[Result "1/2-1/2"]
[Round "09"]
[TimeControl "180+2"]
[Date "2023.03.28"]
[WhiteClock "0:00:07"]
[BlackClock "0:01:20"]

1. d4 Nf6 2. Nf3 d5 3. c4 e6 4. Nc3 c6 5. e3 Nbd7 6. Qc2 Bd6 7. b3 O-O 8. Be2 b6 9. O-O Bb7 10. Bb2 Qe7 11. Rfe1 Rfe8 12. e4 dxe4 13. Nxe4 Nxe4 14. Qxe4 Nf6 15. Qh4 Bb4 16. Red1 Ba3 17. Bxa3 Qxa3 18. Ne5 c5 19. dxc5 Qxc5 20. Qd4 h6 21. Nd7 Qg5 22. Nxf6+ gxf6 23. g3 f5 24. h4 Qg6 25. Qe5 Qg7 26. Qxg7+ Kxg7 27. Rd7 Bc6 28. Rd6 Rac8 29. Rad1 Kf6 30. R1d3 Ke7 31. Rd2 Red8 32. Rxd8 Rxd8 33. Rxd8 Kxd8 34. f4 Ke7 35. Kf2 f6 36. Bd3 Kd6 37. b4 a5 38. a3 Bd7 39. Ke3 e5 40. Bc2 Be6 41. Bd3 1/2-1/2


[Site "https://www.chess.com"]

[Event "Titled Tuesday Blitz March 28 Early 2023"]
[White "Nagy, Gabor"]
[Black "Fiorito, Joaquin"]
[WhiteFideId "737119"]
[BlackFideId "180173"]
[WhiteElo "2510"]
[BlackElo "2157"]
[Result "1-0"]
[Round "09"]
[TimeControl "180+2"]
[Date "2023.03.28"]
[WhiteClock "0:02:02"]
[BlackClock "0:00:12"]

1. e4 c6 2. Nc3 d5 3. Nf3 Bg4 4. h3 Bxf3 5. Qxf3 e6 6. d4 Nf6 7. Bd3 dxe4 8. Nxe4 Qxd4 9. Be3 Qe5 10. O-O-O Nbd7 11. Bf4 Qa5 12. Kb1 Ne5 13. Qg3 Nxd3 14. Nxf6+ gxf6 15. Qxd3 Qd5 16. Qg3 Qf5 17. Rhe1 h5 18. Bb8 Qa5 19. Rxe6+ fxe6 20. Qg6+ Ke7 21. Bd6+ Kd7 22. Bxf8+ Kc7 23. Qg7+ Kb6 24. Qxh8 Qg5 25. Bc5+ 1-0


[Site "https://www.chess.com"]

[Event "Titled Tuesday Blitz March 28 Early 2023"]
[White "Dixit, Nikhil"]
[Black "Samunenkov, Ihor"]
[WhiteFideId "5059534"]
[BlackFideId "14187086"]
[WhiteElo "2207"]
[BlackElo "2457"]
[Result "1-0"]
[Round "09"]
[TimeControl "180+2"]
[Date "2023.03.28"]
[WhiteClock "0:00:14"]
[BlackClock "0:00:01"]

1. e4 c5 2. Nf3 Nc6 3. Bb5 e6 4. Bxc6 bxc6 5. O-O Ne7 6. d3 Ng6 7. Nc3 e5 8. Ne2 Be7 9. Ng3 d6 10. Nf5 O-O 11. Be3 Bf6 12. g3 Bxf5 13. exf5 Ne7 14. g4 Nd5 15. Qd2 Nxe3 16. Qxe3 h6 17. Kh1 Rb8 18. Rab1 Bg5 19. Nxg5 Qxg5 20. Qxg5 hxg5 21. Kg2 Rb4 22. f3 g6 23. fxg6 fxg6 24. b3 Kg7 25. Rbe1 a5 26. a4 Re8 27. Re4 d5 28. Re2 Kf6 29. Rh1 c4 30. dxc4 dxc4 31. Re3 Rd8 32. Rc3 Rd2+ 33. Kg3 Ke6 34. Re1 Kd6 35. h4 c5 36. h5 gxh5 37. gxh5 cxb3 38. Rxb3 Rh4 39. Rb6+ Kd5 40. Re4 Rxe4 41. fxe4+ Kxe4 42. h6 Rd1 43. Kg2 Rd2+ 44. Kg1 Rd1+ 45. Kg2 Rd2+ 46. Kh3 1-0


[Site "https://www.chess.com"]

[Event "Titled Tuesday Blitz March 28 Early 2023"]
[White "Harshavardhan G B"]
[Black "Koellner, Ruben Gideon"]
[WhiteFideId "25059009"]
[BlackFideId "12993093"]
[WhiteElo "2323"]
[BlackElo "2303"]
[Result "1/2-1/2"]
[Round "09"]
[TimeControl "180+2"]
[Date "2023.03.28"]
[WhiteClock "0:00:19"]
[BlackClock "0:00:21"]

1. d4 d6 2. c4 e5 3. Nf3 e4 4. Nfd2 f5 5. e3 Nf6 6. Nc3 c5 7. d5 Be7 8. a3 O-O 9. b4 b6 10. Bb2 Nbd7 11. Be2 Ne5 12. h3 Bd7 13. Qc2 Rc8 14. f4 exf3 15. gxf3 Nh5 16. O-O-O f4 17. e4 Ng3 18. Rh2 Bf6 19. b5 Ra8 20. Kb1 a6 21. a4 axb5 22. axb5 Qc7 23. Bf1 Ra5 24. Ne2 Nxe2 25. Bxe2 Rfa8 26. Qb3 Qa7 27. Kc2 Ra2 28. Rb1 Be8 29. Kd1 Bh5 30. Rg2 Qd7 31. Rh2 Qf7 32. Rg2 Qd7 33. Rh2 Kh8 34. Kc1 Qd8 35. Rg2 Nd7 36. Bd1 Bxb2+ 37. Rxb2 Ra1+ 38. Rb1 Qf6 39. Qb2 Rxb1+ 40. Kxb1 Ne5 41. Nb3 Qh4 42. Qf2 Qf6 43. Qc2 Qh4 44. Qf2 Qxf2 45. Rxf2 Nxc4 46. Bc2 Ne5 47. Bd1 g6 48. Nc1 g5 49. Kb2 h6 50. Kb1 Ra5 51. Be2 Kg7 52. Na2 Kf6 53. Kb2 Ra7 54. Kb3 Ra5 55. Nc3 Ra1 56. Na4 Nd7 57. Bd3 Rh1 58. Bf1 Rg1 59. Kc2 Rg3 60. Bg2 Ke5 61. Nc3 Kf6 62. Ne2 Ne5 63. Nxg3 fxg3 64. Rf1 Ng6 65. Rg1 Ne5 66. Kd2 Bxf3 67. Ke3 Bxg2 68. Rxg2 h5 69. Rxg3 g4 70. hxg4 hxg4 71. Kf4 c4 72. Ra3 Ng6+ 73. Kxg4 Ke5 74. Kf3 Kd4 75. Ra8 Ne5+ 76. Ke2 c3 77. Rb8 Nc4 78. Rc8 c2 79. Rxc4+ Kxc4 80. Kd2 Kxb5 81. Kxc2 Kc4 82. e5 Kxd5 83. exd6 Kxd6 84. Kb3 Kc5 85. Kc3 Kb5 86. Kb3 Kc5 87. Kc3 Kb5 88. Kb3 Ka5 89. Ka3 b5 90. Kb3 b4 91. Kb2 Kb5 92. Kb3 Kc5 93. Kb2 Kc4 94. Kc2 b3+ 95. Kb2 Kb4 96. Kb1 Kc3 97. Kc1 Kc4 98. Kb2 Kb4 99. Kb1 Ka3 100. Ka1 Ka4 101. Kb2 Kb4 1/2-1/2


[Site "https://www.chess.com"]

[Event "Titled Tuesday Blitz March 28 Early 2023"]
[White "Cori T., Deysi"]
[Black "Salemgareev, Tagir"]
[WhiteFideId "3801934"]
[BlackFideId "24199052"]
[WhiteElo "2292"]
[BlackElo "2366"]
[Result "1-0"]
[Round "09"]
[TimeControl "180+2"]
[Date "2023.03.28"]
[WhiteClock "0:00:35"]
[BlackClock "0:00:05"]

1. Nf3 d5 2. e3 c5 3. Bb5+ Bd7 4. a4 Nf6 5. O-O g6 6. d4 cxd4 7. exd4 Bg7 8. Re1 O-O 9. Nc3 Bg4 10. h3 Bxf3 11. Qxf3 Nc6 12. Bxc6 bxc6 13. a5 Nd7 14. Bg5 Re8 15. Qd3 Nf8 16. Na4 Qc7 17. Nc5 e6 18. c3 Nd7 19. b4 Nxc5 20. bxc5 Rab8 21. Qf3 Rb3 22. Bf4 Qb7 23. Re3 Rb1+ 24. Rxb1 Qxb1+ 25. Kh2 Qa2 26. Bc7 Rc8 27. Qf4 Qb2 28. Rf3 f5 29. Qd6 Qb7 30. Qxe6+ Kh8 31. Bd6 Rd8 32. Re3 a6 33. f4 Qc8 34. Qf7 Rg8 35. Re7 Qa8 36. Be5 1-0


[Site "https://www.chess.com"]

[Event "Titled Tuesday Blitz March 28 Early 2023"]
[White "Prohaszka, Peter"]
[Black "Hajiyev, Kanan"]
[WhiteFideId "726265"]
[BlackFideId "13404148"]
[WhiteElo "2626"]
[BlackElo "2103"]
[Result "1-0"]
[Round "09"]
[TimeControl "180+2"]
[Date "2023.03.28"]
[WhiteClock "0:00:29"]
[BlackClock "0:00:02"]

1. d4 d5 2. c3 c5 3. dxc5 a5 4. e4 e6 5. exd5 exd5 6. Be3 Nf6 7. Bb5+ Bd7 8. a4 Qc7 9. Qe2 Be7 10. Nd2 O-O 11. Nb3 Na6 12. Nf3 Nxc5 13. Nxc5 Bxc5 14. Bxc5 Qxc5 15. Bxd7 Nxd7 16. O-O Rfe8 17. Qc2 Rac8 18. Rad1 Nb6 19. Rfe1 h6 20. Qb3 g6 21. h3 Re4 22. Ne5 Rf4 23. Nd3 1-0


[Site "https://www.chess.com"]

[Event "Titled Tuesday Blitz March 28 Early 2023"]
[White "Mikhailovsky, Vladimir"]
[Black "Sanchez Alvares, Kelvin Antonio"]
[WhiteFideId "34105414"]
[BlackFideId "3906680"]
[WhiteElo "2293"]
[BlackElo "2217"]
[Result "0-1"]
[Round "09"]
[TimeControl "180+2"]
[Date "2023.03.28"]
[WhiteClock "0:00:02"]
[BlackClock "0:00:23"]

1. e4 e5 2. Nf3 Nc6 3. Nc3 Bc5 4. Nxe5 Nxe5 5. d4 Bd6 6. dxe5 Bxe5 7. f4 Bxc3+ 8. bxc3 d6 9. Bd3 Qh4+ 10. g3 Qh3 11. Qe2 Bg4 12. Qf2 Ne7 13. Rb1 b6 14. Bf1 Qh5 15. h3 Bd7 16. Bg2 Qa5 17. O-O O-O 18. Be3 Rad8 19. g4 Bc6 20. f5 f6 21. g5 Kh8 22. Bd4 Ng8 23. Qh4 Rde8 24. Rf4 fxg5 25. Qxg5 Nf6 26. Rbf1 Bb5 27. R1f3 Qxa2 28. Rg3 Qf7 29. Rh4 Be2 30. Kh2 c5 31. Be3 Bd1 32. Bf4 Nxe4 33. Bxe4 Rxe4 34. Bxd6 Re2+ 35. Kg1 Re1+ 36. Kf2 Rfe8 37. Rd3 R8e2+ 38. Kg3 Rg1+ 39. Kf4 Rxg5 40. Be5 Rxe5 41. Rd8+ Re8 42. Rxe8+ Qxe8 0-1


[Site "https://www.chess.com"]

[Event "Titled Tuesday Blitz March 28 Early 2023"]
[White "Cherniaiev, Tykhon"]
[Black "Valgmae, Toomas"]
[WhiteFideId "14182360"]
[BlackFideId "4502523"]
[WhiteElo "2450"]
[BlackElo "2170"]
[Result "1-0"]
[Round "09"]
[TimeControl "180+2"]
[Date "2023.03.28"]
[WhiteClock "0:00:18"]
[BlackClock "0:00:42"]

1. Nf3 d5 2. d4 c6 3. c4 Nf6 4. e3 Bg4 5. Nbd2 e6 6. Bd3 Nbd7 7. O-O Bd6 8. e4 dxe4 9. Nxe4 Nxe4 10. Bxe4 Nf6 11. Bc2 O-O 12. h3 Bh5 13. Be3 Qc7 14. Qe2 Rad8 15. Rad1 Rfe8 16. Rfe1 c5 17. d5 exd5 18. cxd5 Bh2+ 19. Kh1 Bf4 20. Ba4 Rf8 21. Bb3 Rfe8 22. Qd2 Bd6 23. Bg5 Bxf3 24. gxf3 Qd7 25. Kg2 Qf5 26. Bc2 Qd7 27. Bxf6 gxf6 28. Qh6 f5 29. Qg5+ Kf8 30. Bxf5 f6 31. Bxd7 fxg5 32. Rxe8+ Rxe8 33. Bxe8 Kxe8 34. Kf1 Kd7 35. Ke2 Be5 36. Kd3 b5 37. b3 Kd6 38. Ke4 a5 39. Rc1 h6 40. Rxc5 Kxc5 41. Kxe5 Kb4 42. d6 Ka3 43. d7 Kxa2 44. d8=Q a4 45. bxa4 bxa4 46. Kd4 1-0


[Site "https://www.chess.com"]

[Event "Titled Tuesday Blitz March 28 Early 2023"]
[White "Perez Rodriguez, Jennifer"]
[Black "Papasimakopoulos, Alexandros"]
[WhiteFideId "3507831"]
[BlackFideId "4244125"]
[WhiteElo "2170"]
[BlackElo "2359"]
[Result "0-1"]
[Round "09"]
[TimeControl "180+2"]
[Date "2023.03.28"]
[WhiteClock "0:00:15"]
[BlackClock "0:00:32"]

1. e4 a6 2. d4 g6 3. Bd3 Bg7 4. Nf3 d6 5. O-O Bg4 6. c3 Nf6 7. h3 Bxf3 8. Qxf3 c6 9. Bf4 O-O 10. Nd2 Nbd7 11. Qe2 e5 12. Bh2 Nh5 13. dxe5 dxe5 14. Rad1 Qe7 15. Bc2 a5 16. Nc4 b5 17. Ne3 Nf4 18. Qf3 a4 19. a3 Ne6 20. Rd2 Ndc5 21. Rfd1 Rfd8 22. Rxd8+ Rxd8 23. Rxd8+ Qxd8 24. Qd1 Qxd1+ 25. Nxd1 Ng5 26. f3 f6 27. Kf2 Nge6 28. Ke2 Kf7 29. g3 h5 30. h4 g5 31. Bg1 gxh4 32. gxh4 Bh6 33. Be3 Bxe3 34. Nxe3 Nf4+ 35. Kf1 Ncd3 36. Bxd3 Nxd3 37. Nd1 Ke6 38. Ke2 Nf4+ 39. Kf1 Ng6 40. c4 Nxh4 41. cxb5 cxb5 42. Kf2 Kd6 43. Nc3 Kc5 44. Nd5 f5 45. Kg3 fxe4 46. fxe4 Ng6 47. Ne3 Kd4 48. Kf3 Nh4+ 49. Ke2 Kxe4 50. Nc2 Nf5 51. Nb4 h4 52. Na6 h3 53. Kf2 Kf4 54. Nc7 e4 55. Nd5+ Ke5 56. Nc3 e3+ 57. Kf3 Nd4+ 58. Kg3 e2 0-1


[Site "https://www.chess.com"]

[Event "Titled Tuesday Blitz March 28 Early 2023"]
[White "Warmerdam, Max"]
[Black "Bilan, Danila"]
[WhiteFideId "1048104"]
[BlackFideId "24161918"]
[WhiteElo "2518"]
[BlackElo "2182"]
[Result "1-0"]
[Round "09"]
[TimeControl "180+2"]
[Date "2023.03.28"]
[WhiteClock "0:00:55"]
[BlackClock "0:00:05"]

1. Nf3 d5 2. g3 Nf6 3. Bg2 c5 4. O-O Nc6 5. d4 e6 6. c4 Be7 7. cxd5 Nxd5 8. dxc5 Bxc5 9. a3 Be7 10. b4 Bf6 11. Ra2 O-O 12. Rc2 Bd7 13. Nbd2 Nce7 14. Nb3 Ba4 15. Qd3 Nxb4 16. Qxd8 Rfxd8 17. axb4 Bxb3 18. Rc7 Nd5 19. Rxb7 Rdb8 20. Rxb8+ Rxb8 21. Bd2 Bc4 22. Re1 Nxb4 23. h4 Nd5 24. e4 Nb4 25. Rc1 Be2 26. Bxb4 h6 27. Bd6 Rb3 28. e5 Bxf3 29. exf6 gxf6 30. Bf4 Bd5 31. Bxh6 Kh7 32. Be3 Bxg2 33. Kxg2 Ra3 34. Rc7 a5 35. Rxf7+ Kg6 36. Ra7 Ra2 37. g4 a4 38. h5# 1-0


[Site "https://www.chess.com"]

[Event "Titled Tuesday Blitz March 28 Early 2023"]
[White "Belov, Alexei"]
[Black "Karthik, Venkataraman"]
[WhiteFideId "4128206"]
[BlackFideId "25006479"]
[WhiteElo "2563"]
[BlackElo "2419"]
[Result "0-1"]
[Round "09"]
[TimeControl "180+2"]
[Date "2023.03.28"]
[WhiteClock "0:02:31"]
[BlackClock "0:02:36"]

1. e4 Nc6 2. Nf3 d5 3. exd5 Qxd5 4. Nc3 Qa5 5. d4 Bg4 6. Bb5 O-O-O 7. Bxc6 bxc6 8. Qd3 c5 9. d5 Nf6 10. Ne5 Rxd5 11. Qe3 Rd1# 0-1


[Site "https://www.chess.com"]

[Event "Titled Tuesday Blitz March 28 Early 2023"]
[White "Janaszak, Dawid"]
[Black "Flores, Diego"]
[WhiteFideId "1119206"]
[BlackFideId "108049"]
[WhiteElo "2220"]
[BlackElo "2606"]
[Result "0-1"]
[Round "09"]
[TimeControl "180+2"]
[Date "2023.03.28"]
[WhiteClock "0:00:12"]
[BlackClock "0:00:19"]

1. e4 c5 2. Nc3 Nc6 3. Bb5 Nd4 4. Nf3 Nxb5 5. Nxb5 d6 6. d4 cxd4 7. Qxd4 a6 8. Nc3 Nf6 9. e5 dxe5 10. Qxd8+ Kxd8 11. Nxe5 Be6 12. Bf4 g6 13. O-O-O+ Ke8 14. Rhe1 Bg7 15. f3 Rd8 16. g4 Nd5 17. Bd2 Nxc3 18. Bxc3 f6 19. Nd3 Kf7 20. Bb4 Rhe8 21. b3 Bd5 22. f4 Bf3 23. Rd2 Bxg4 24. Nc5 Rxd2 25. Kxd2 Bc8 26. c4 Bh6 27. Ke3 e5 28. Kf3 Bxf4 29. Ne4 Rd8 30. Nd6+ Ke6 31. Rd1 Bd7 32. c5 Bc6+ 33. Ke2 Rd7 34. a4 e4 35. Bc3 f5 36. Bb4 Be5 37. h4 f4 38. h5 g5 39. Rg1 h6 40. a5 Bxd6 41. cxd6 Kf5 42. Bc5 e3 43. b4 Bb5+ 44. Kf3 g4+ 45. Kg2 f3+ 46. Kg3 f2 0-1


[Site "https://www.chess.com"]

[Event "Titled Tuesday Blitz March 28 Early 2023"]
[White "Molina, Roberto Junio Brito"]
[Black "Yaniuk, Volodymyr"]
[WhiteFideId "2109450"]
[BlackFideId "14133083"]
[WhiteElo "2376"]
[BlackElo "2141"]
[Result "1/2-1/2"]
[Round "09"]
[TimeControl "180+2"]
[Date "2023.03.28"]
[WhiteClock "0:01:00"]
[BlackClock "0:00:39"]

1. e4 e5 2. Nf3 Nc6 3. Bb5 Nf6 4. O-O Nxe4 5. d4 Nd6 6. Bxc6 dxc6 7. dxe5 Nf5 8. Qxd8+ Kxd8 9. Nc3 Bd7 10. Rd1 Kc8 11. h3 Be7 12. Bg5 Bb4 13. Ne4 h6 14. Bd2 Be7 15. c4 b6 16. Bc3 Be6 17. b3 a5 18. a4 Kb7 19. g4 Nh4 20. Nd4 Bd7 21. f4 Rad8 22. Kf2 h5 23. Kg3 hxg4 24. hxg4 f5 25. exf6 gxf6 26. f5 Rdg8 27. Rf1 Rh5 28. Kf4 Ng2+ 29. Kf3 Nh4+ 30. Kf4 Ng2+ 31. Kf3 Nh4+ 32. Kf4 1/2-1/2


[Site "https://www.chess.com"]

[Event "Titled Tuesday Blitz March 28 Early 2023"]
[White "Staudenhocker43"]
[Black "Kosteniuk, Alexandra"]
[BlackFideId "4128125"]
[WhiteElo "2546"]
[BlackElo "2453"]
[Result "1-0"]
[Round "09"]
[TimeControl "180+2"]
[Date "2023.03.28"]
[WhiteClock "0:00:21"]
[BlackClock "0:00:06"]

1. d4 f5 2. Nc3 Nf6 3. Bg5 d5 4. e3 e6 5. Bd3 c5 6. Nf3 c4 7. Be2 Nc6 8. O-O Bd6 9. b3 Qa5 10. Na4 b5 11. Nc5 Bxc5 12. dxc5 Ne4 13. a4 O-O 14. Bf4 bxa4 15. bxc4 Qxc5 16. cxd5 exd5 17. Bd3 a3 18. Qc1 d4 19. Qxa3 Qxa3 20. Rxa3 dxe3 21. Bxe3 Be6 22. Bxe4 fxe4 23. Nd4 Nxd4 24. Bxd4 Bc4 25. Rfa1 a6 26. Re3 Rfe8 27. Rc3 Rac8 28. h4 g6 29. Kh2 Bb5 30. Raa3 Rcd8 31. Bf6 Rd7 32. Rc5 Rf7 33. Bd4 Rd7 34. Be3 Kf7 35. c4 Rd3 36. Rxd3 exd3 37. cxb5 axb5 38. Rxb5 Rd8 39. Rb2 Ke6 40. Rd2 Ke5 41. f3 Rd7 42. Kg3 Kf5 43. Kf2 Rd8 44. Bg5 Rd7 45. g4+ Ke6 46. Ke3 Rb7 47. Rxd3 Rb1 48. Ra3 Re1+ 49. Kf2 1-0


[Site "https://www.chess.com"]

[Event "Titled Tuesday Blitz March 28 Early 2023"]
[White "Toropov, Pavel"]
[Black "Karolczuk, Iwo"]
[WhiteFideId "24129178"]
[BlackFideId "21816972"]
[WhiteElo "2182"]
[BlackElo "2348"]
[Result "1-0"]
[Round "09"]
[TimeControl "180+2"]
[Date "2023.03.28"]
[WhiteClock "0:00:08"]
[BlackClock "0:00:01"]

1. e4 c5 2. Nf3 d6 3. Bb5+ Nd7 4. d4 cxd4 5. Qxd4 a6 6. Bxd7+ Bxd7 7. Nc3 e5 8. Qd3 h6 9. Nd2 Nf6 10. Nc4 Qc7 11. Be3 Be6 12. Nb6 Rd8 13. f3 Be7 14. O-O-O O-O 15. Kb1 Qc6 16. h4 Nh5 17. g4 Nf4 18. Bxf4 exf4 19. Nbd5 Rfe8 20. Nxf4 Bf6 21. Nfd5 Be5 22. g5 h5 23. f4 Bxc3 24. Nxc3 Bg4 25. Rd2 b5 26. Re1 b4 27. Nd5 a5 28. f5 Kh8 29. f6 g6 30. Ne7 Qc7 31. Qd4 Kh7 32. b3 Rd7 33. Re3 Be6 34. Red3 a4 35. Qxb4 Rb8 36. Qc3 Qb6 37. e5 axb3 38. cxb3 Rc7 39. Qd4 Qb7 40. exd6 Rd7 41. Rc3 Rbd8 42. Kb2 Qa6 43. Qd3 Qb6 44. Qd4 Qa6 45. Rcd3 Ra8 46. Qa4 Qb7 47. Qd4 Qa6 48. Kb1 Qa3 49. Qb2 Qa5 50. Qc3 Qa3 51. Re3 Rad8 52. Rxe6 fxe6 53. Qd3 1-0


[Site "https://www.chess.com"]